 Dungeon Crawl Stone Soup version 0.30.0-10-gfe55d96785 (webtiles) character file.

Game seed: 10370126448114383264

1839 qw the Cleaver (level 9, -2/56 HPs)
             Began as a Gargoyle Cinder Acolyte on May 15, 2023.
             Was a Believer of Ignis.
             Slain by a +3 spectral quarterstaff (8 damage)
             ... created by Joseph
             ... on level 7 of the Dungeon.
             The game lasted 00:03:15 (5261 turns).

qw the Cleaver (Gargoyle Cinder Acolyte)            Turns: 5261, Time: 00:03:15

Health: -2/56      AC: 23    Str: 22      XL:     9   Next: 11%
Magic:  10/10      EV:  8    Int: 15      God:    Ignis [**....]
Gold:   389        SH:  0    Dex:  4 (5)  Spells: 10/10 levels left

rFire   + . .        Y - +3 war axe
rCold   . . .        (no shield)
rNeg    + . .        c - +0 chain mail
rPois   inf          b - +1 helmet
rElec   +            n - +0 cloak
rCorr   .            (no gloves)
SInv    .            (no boots)
Will    .....        (no amulet) Stlth
                     e - +4 ring of protection
HPRegen 0.29/turn    (no ring)
MPRegen 0.12/turn

%: no passive effects
@: no status effects
A: sickness immunity, AC +6, negative energy resistance 1, electricity
resistance, torment resistance 1, petrification resistance
a: Renounce Religion, Fiery Armour, Foxfire Swarm, Rising Flame


You were on level 7 of the Dungeon.
You worshipped Ignis.
Ignis was pleased with you.
You visited 1 branch of the dungeon, and saw 8 of its levels.

You collected 389 gold pieces.


Innate Abilities, Weirdness & Mutations

You are immune to sickness and miasma.
Your stone body is resilient. (AC +6)
You are immune to poison.
You resist negative energy. (rN+)
You are resistant to electric shocks. (rElec)
You are resistant to unholy torment.
You are immune to petrification.


   Skills:
 + Level 6.9 Fighting
 - Level 9.0 Axes
 - Level 0.4 Throwing
 - Level 4.0 Armour
 - Level 1.0 Spellcasting
 - Level 3.0 Fire Magic


You had 10 spell levels left.
You didn't know any spells.
Your spell library contained the following spells:

 Spells                   Type           Power      Damage    Failure   Level
 Scorch                   Fire           18%        2d6       56%         2

Inventory:

Hand Weapons
 p - a -1 hand axe of flaming
 Y - a +3 war axe (weapon)
Armour
 b - a +1 helmet (worn)
 c - a +0 chain mail (worn)
 n - a +0 cloak (worn)
Jewellery
 e - a +4 ring of protection (left hand)
 h - a ring of fire
Wands
 f - a wand of digging (6)
Scrolls
 a - a scroll of identify
Potions
 g - 2 potions of mutation
 i - a potion of haste
 j - 4 potions of curing
 k - a potion of might
 l - a potion of brilliance {unknown}
 m - a potion of resistance {unknown}

Dungeon Overview and Level Annotations

Branches:
Dungeon (8/15)             Temple (0/1) D:5
   Lair: D:8-11

Altars:
Ashenzari
Fedhas
Hepliaklqana
Makhleb

Shops:
D:1 (   D:6 =

Annotations:
D:5 3 runed translucent doors, Woitudef's ghost, novice HOFi
D:7 Joseph


Message History

A white imp is nearby!
Items here: % )) [.
You closely miss the white imp. The white imp gestures at you.
The puff of frost hits you but does no damage.
You hit the white imp.
The white imp is severely wounded.
The white imp hits you but does no damage.
Joseph, a Mercenary comes into view.
He is wielding a +3 spectral quarterstaff.
You closely miss the white imp.
The white imp is severely wounded.
The white imp gestures at you.
The puff of frost hits you but does no damage.
You barely miss the white imp.
The white imp is severely wounded.
The white imp gestures at you. The puff of frost hits you.
You closely miss the white imp.
The white imp is severely wounded.
The white imp hits you but does no damage.
The white imp closely misses you.
You barely miss the white imp.
You punch the white imp, but do no damage.
The white imp is severely wounded.
The white imp summons a swarm of flies.
The white imp gestures at you. The puff of frost hits you!
You slash the white imp!
You kill the white imp!
Joseph tries to grin evilly.
Joseph hits you with a +3 spectral quarterstaff!
The +3 spectral quarterstaff hits you.
A +3 spectral quarterstaff comes into view.
Things that are here:
a +0 dagger; an orc corpse; an iguana skeleton
5261 ||| DRINKING potion of heal wounds.
You feel much better. The +3 spectral quarterstaff hits you!
Joseph hits you but does no damage.
The +3 spectral quarterstaff hits you! x2
You die...

......# ......# ......#
......#
......###########
<......##..^....# ~
.....<..........# #~~~7
................###..~P7
#########......)@@..P.~~
####...)#(.#..P~
##.....##.. ~ #........#
####......#...
#.....###.# ## #.###.##
..# .. #.># #... #.#
##.# ##.


You could see Joseph and a +3 spectral quarterstaff.

Vanquished Creatures
  Eustachio (D:6)
  2 ice beasts
  2 centaurs
  A necrophage (D:4)
  5 wights
  2 howler monkeys (D:7)
  A jelly (D:5)
  7 hounds
  3 orc priests
  A sleepcap (D:4)
  A gnoll bouda (D:5)
  Jessica (D:2)
  4 iguanas
  Ijyb (D:3)
  Natasha (thrice) (D:3)
  3 orc wizards
  A hound skeleton (D:4)
  Robin (D:3)
  3 gnolls (D:5)
  7 adders
  A shadow imp (D:6)
  3 white imps
  An ufetubus (D:6)
  6 worms
  18 orcs
  4 ball pythons
  A bat (D:1)
  6 endoplasms
  3 giant cockroaches
  16 goblins
  12 hobgoblins
  4 jackals (D:3)
  5 kobolds
  3 quokkas
  2 frilled lizards (D:2)
  6 rats
141 creatures vanquished.

Notes
Turn   | Place    | Note
-------+----------+-------------------------------------------
     0 | D:1      | qw the Gargoyle Cinder Acolyte began the quest for the Orb.
     0 | D:1      | Reached XP level 1. HP: 14/14 MP: 2/2
     0 | D:1      | 0 ||| qw: Version: 0.2-a-94-g6f95ed7
     0 | D:1      | 0 ||| qw: Game counter: 28
     0 | D:1      | 0 ||| qw: Always use a shield: true
     0 | D:1      | 0 ||| qw: God list: Okawaru
     0 | D:1      | 0 ||| qw: Allow faded altars: false
     0 | D:1      | 0 ||| qw: Do Orc after D:15 true
     0 | D:1      | 0 ||| qw: Do second Lair branch before Depths: true
     0 | D:1      | 0 ||| qw: Lair rune preference: random
     0 | D:1      | 0 ||| qw: Plans: Normal
     0 | D:1      | 0 ||| PLANNING D:1-11
     3 | D:1      | Found Dennum's Antique Weapon Shop.
   114 | D:1      | Reached skill level 3 in Axes
   163 | D:1      | Reached XP level 2. HP: 15/19 MP: 3/3
   384 | D:1      | 384 ||| UPGRADING to +0 ring mail.
   394 | D:1      | 394 ||| DROPPING +0 robe.
   395 | D:1      | 395 ||| UPGRADING to +0 scale mail.
   405 | D:1      | 405 ||| DROPPING +0 ring mail.
   406 | D:1      | 406 ||| DROPPING amulet of magic regeneration.
   407 | D:1      | 407 ||| READING 2 scrolls labelled TOX IFIUTUMO.
   408 | D:1      | 408 ||| READING scroll labelled DUICWA URAKKEO.
   409 | D:1      | 409 ||| READING 2 scrolls labelled TIAT TUCOUTH.
   410 | D:1      | 410 ||| DROPPING scroll of poison.
   484 | D:2      | Reached skill level 1 in Armour
   513 | D:2      | Found a broken altar of Ashenzari.
   551 | D:2      | 551 ||| Stepping ~*~*~tactically~*~*~ (stealth).
   617 | D:2      | Reached XP level 3. HP: 23/23 MP: 4/4
   738 | D:2      | 738 ||| Stepping ~*~*~tactically~*~*~ (stealth).
   770 | D:2      | Reached skill level 4 in Axes
   812 | D:2      | 812 ||| Stepping ~*~*~tactically~*~*~ (stealth).
   865 | D:2      | Noticed Jessica
   866 | D:2      | 866 ||| Stepping ~*~*~tactically~*~*~ (stealth).
   867 | D:2      | 867 ||| Stepping ~*~*~tactically~*~*~ (stealth).
   868 | D:2      | 868 ||| Stepping ~*~*~tactically~*~*~ (stealth).
   870 | D:2      | 870 ||| Stepping ~*~*~tactically~*~*~ (hiding).
   873 | D:2      | Killed Jessica
   874 | D:2      | Reached XP level 4. HP: 28/28 MP: 5/5
  1365 | D:2      | 1365 ||| READING 2 scrolls labelled MAFIPT TUNETYC.
  1366 | D:2      | 1366 ||| READING scroll labelled QOAZENN IKUKA.
  1367 | D:2      | 1367 ||| READING 2 scrolls of identify.
  1367 | D:2      | 1367 ||| IDENTIFYING brown potion
  1368 | D:2      | 1368 ||| DROPPING scroll of noise.
  1369 | D:2      | 1369 ||| DROPPING potion of flight.
  1372 | D:3      | Noticed Robin
  1373 | D:3      | 1373 ||| INVOKING Fiery Armour.
  1383 | D:3      | Killed Robin
  1440 | D:3      | Reached skill level 5 in Axes
  1440 | D:3      | Reached XP level 5. HP: 32/32 MP: 6/6
  1462 | D:3      | 1462 ||| Stepping ~*~*~tactically~*~*~ (stealth).
  1546 | D:3      | Noticed Natasha
  1547 | D:3      | 1547 ||| Stepping ~*~*~tactically~*~*~ (hiding).
  1548 | D:3      | 1548 ||| Stepping ~*~*~tactically~*~*~ (hiding).
  1557 | D:3      | 1557 ||| INVOKING Fiery Armour.
  1558 | D:3      | HP: 7/33 [Natasha (6)]
  1558 | D:3      | Killed Natasha
  1562 | D:3      | HP: 1/33 [worm (7)]
  1711 | D:3      | Noticed Ijyb
  1740 | D:3      | 1740 ||| INVOKING Fiery Armour.
  1742 | D:3      | Killed Ijyb
  2044 | D:3      | Noticed Natasha
  2045 | D:3      | 2045 ||| Stepping ~*~*~tactically~*~*~ (stealth).
  2046 | D:3      | 2046 ||| Stepping ~*~*~tactically~*~*~ (stealth).
  2055 | D:3      | Killed Natasha
  2056 | D:3      | Reached XP level 6. HP: 38/38 MP: 7/7
  2150 | D:3      | Found a blossoming altar of Fedhas.
  2160 | D:3      | Noticed Natasha
  2161 | D:3      | 2161 ||| Stepping ~*~*~tactically~*~*~ (stealth).
  2166 | D:3      | 2166 ||| Stepping ~*~*~tactically~*~*~ (hiding).
  2167 | D:3      | 2167 ||| Stepping ~*~*~tactically~*~*~ (hiding).
  2168 | D:3      | 2168 ||| Stepping ~*~*~tactically~*~*~ (stealth).
  2170 | D:3      | 2170 ||| Stepping ~*~*~tactically~*~*~ (stealth).
  2181 | D:3      | Killed Natasha
  2440 | D:3      | 2440 ||| UPGRADING to +0 helmet.
  2445 | D:3      | 2445 ||| UPGRADING to +0 chain mail.
  2455 | D:3      | 2455 ||| DROPPING +0 scale mail.
  2456 | D:3      | 2456 ||| UPGRADING to +4 ring of protection.
  2457 | D:3      | 2457 ||| READING scroll labelled MIUFEN FOWIO.
  2458 | D:3      | 2458 ||| READING scroll labelled BASKERIKKI.
  2459 | D:3      | 2459 ||| READING scroll labelled XON QIFYMI.
  2560 | D:3      | 2560 ||| READING 2 scrolls of identify.
  2560 | D:3      | 2560 ||| IDENTIFYING fizzy coppery potion
  2657 | D:4      | Identified the +0 ring mail of Vubbon {Drain *Slow rElec
                  | rN+++}
  2719 | D:4      | 2719 ||| Stepping ~*~*~tactically~*~*~ (stealth).
  2729 | D:4      | 2729 ||| INVOKING Fiery Armour.
  2824 | D:4      | 2824 ||| Stepping ~*~*~tactically~*~*~ (stealth).
  3099 | D:4      | Reached skill level 6 in Axes
  3181 | D:4      | Found a burning altar of Makhleb.
  3189 | D:4      | Reached XP level 7. HP: 43/43 MP: 8/8
  3202 | D:4      | Reached skill level 3 in Armour
  3313 | D:4      | 3313 ||| DROPPING +0 ring mail of Vubbon {Drain *Slow rElec
                  | rN+++}.
  3314 | D:4      | 3314 ||| UPGRADING to +0 cloak.
  3319 | D:4      | 3319 ||| READING scroll labelled KAFOLE EKUFU.
  3320 | D:4      | 3320 ||| READING scroll labelled ZYUWAZUSSI.
  3354 | D:4      | 3354 ||| DRINKING 2 orange potions.
  3355 | D:4      | 3355 ||| DROPPING potion of invisibility.
  3368 | D:5      | Entered Level 5 of the Dungeon
  3483 | D:5      | Found a hazy altar of Hepliaklqana.
  3486 | D:5      | 3486 ||| Stepping ~*~*~tactically~*~*~ (stealth).
  3512 | D:5      | 3512 ||| INVOKING Fiery Armour.
  3671 | D:5      | 3671 ||| INVOKING Fiery Armour.
  3808 | D:5      | Found a staircase to the Ecumenical Temple.
  3823 | D:5      | Found a runed translucent gate.
  3828 | D:5      | 3828 ||| Stepping ~*~*~tactically~*~*~ (stealth).
  3840 | D:5      | 3840 ||| INVOKING Fiery Armour.
  3967 | D:5      | Found a runed translucent gate.
  3970 | D:5      | Found a runed translucent gate.
  4003 | D:5      | 4003 ||| INVOKING Fiery Armour.
  4006 | D:5      | Reached skill level 7 in Axes
  4114 | D:5      | 4114 ||| Stepping ~*~*~tactically~*~*~ (stealth).
  4177 | D:5      | Noticed Woitudef's ghost (novice HOFi)
  4254 | D:5      | Reached XP level 8. HP: 42/48 MP: 9/9
  4435 | D:5      | 4435 ||| DRINKING 2 red potions.
  4436 | D:5      | 4436 ||| DROPPING potion of degeneration.
  4460 | D:6      | 4460 ||| STAIRDANCE
  4547 | D:5      | 4547 ||| SWAPPING to +2 war axe.
  4578 | D:6      | 4578 ||| Stepping ~*~*~tactically~*~*~ (hiding).
  4654 | D:6      | Reached skill level 8 in Axes
  4714 | D:6      | You fall into a shaft and drop 2 floors!
  4715 | D:8      | 4715 ||| READING 2 scrolls of identify.
  4715 | D:8      | 4715 ||| IDENTIFYING murky brown potion
  4729 | D:7      | 4729 ||| Stepping ~*~*~tactically~*~*~ (stealth).
  4738 | D:7      | 4738 ||| Stepping ~*~*~tactically~*~*~ (hiding).
  4740 | D:7      | 4740 ||| Stepping ~*~*~tactically~*~*~ (hiding).
  4751 | D:7      | 4751 ||| Stepping ~*~*~tactically~*~*~ (stealth).
  4754 | D:7      | 4754 ||| Stepping ~*~*~tactically~*~*~ (stealth).
  4763 | D:7      | Reached skill level 6 in Fighting
  4763 | D:7      | 4763 ||| Stepping ~*~*~tactically~*~*~ (hiding).
  4764 | D:7      | 4764 ||| Stepping ~*~*~tactically~*~*~ (hiding).
  4816 | D:6      | Noticed Eustachio
  4861 | D:6      | Killed Eustachio
  4918 | D:6      | Reached XP level 9. HP: 55/55 MP: 10/10
  4961 | D:6      | Identified the +2 short sword "Lutu" {heavy, Contam rC+++
                  | rN+ Int+3}
  5001 | D:6      | Found Vawif's Jewellery Shop.
  5023 | D:6      | 5023 ||| SHOPLISTING +4 ring of protection (432 gold, have
                  | 389).
  5023 | D:6      | 5023 ||| SHOPLISTING +4 ring of slaying (936 gold, have
                  | 389).
  5023 | D:6      | 5023 ||| SHOPLISTING +6 ring of dexterity (432 gold, have
                  | 389).
  5023 | D:6      | 5023 ||| SHOPLISTING +6 ring of strength (432 gold, have
                  | 389).
  5073 | D:6      | Reached skill level 9 in Axes
  5128 | D:6      | 5128 ||| Stepping ~*~*~tactically~*~*~ (stealth).
  5145 | D:6      | 5145 ||| Stepping ~*~*~tactically~*~*~ (hiding).
  5146 | D:6      | 5146 ||| Stepping ~*~*~tactically~*~*~ (hiding).
  5205 | D:6      | 5205 ||| READING scroll labelled SEJIFIATECS.
  5206 | D:6      | 5206 ||| READING scroll labelled JUPSEF PUTZ.
  5207 | D:6      | 5207 ||| READING 2 scrolls of identify.
  5207 | D:6      | 5207 ||| IDENTIFYING coppery potion
  5241 | D:7      | 5241 ||| READING scroll of enchant armour.
  5241 | D:7      | 5241 ||| ENCHANTING +0 helmet.
  5243 | D:7      | 5243 ||| Stepping ~*~*~tactically~*~*~ (hiding).
  5250 | D:7      | 5250 ||| Stepping ~*~*~tactically~*~*~ (hiding).
  5254 | D:7      | Noticed Joseph
  5260 | D:7      | HP: 14/56 [+3 spectral quarterstaff[Joseph] (5)]
  5261 | D:7      | 5261 ||| DRINKING potion of heal wounds.
  5261 | D:7      | HP: 6/56 [+3 spectral quarterstaff[Joseph] (13)]
  5261 | D:7      | Slain by a +3 spectral quarterstaff

Levels and vault maps discovered:
D:1:      tarquinn_simple_flora_water_c, layout_rooms, serial_shops, shop,
          hangedman_decor_points
D:2:      layout_rooms, basic_altar, minmay_pentomino_r2, uniq_jessica
D:3:      layout_basic, fedhas_altar_2, kennysheep_generic_room_3, uniq_natasha,
          uniq_ijyb, uniq_robin
D:4:      layout_rooms, makhleb_blood_cavern_becter
D:5:      layout_cave_pools, lemuel_round_altar, minmay_temple_entry_tees,
          gammafunk_ghost_icy
D:6:      layout_rooms, minmay_shop_enchanted_jewellery, uniq_eustachio
D:7:      layout_rooms, nicolae_vehumet_altar_sigil, serial_bayou,
          serial_bayou_pond_d, serial_bayou_crossing, serial_bayou_pond_c,
          serial_bayou_shore_a, enter_bailey_3, uniq_joseph, uniq_menkaure,
          uniq_pikel, uniq_duvessa
D:8:      layout_basic, lemuel_doored_altar, palyth_stone_intersect

Skill      XL: |  1  2  3  4  5  6  7  8  9 |
---------------+----------------------------+-----
Axes           | 3 4 5 6 7 8 9 |  9.0
Armour         | 1 2 3 4 |  4.0
Fighting       | 4 6 |  6.9
Throwing       | |  0.4
Spellcasting   | |  1.0
Fire Magic     | |  3.0

Action                     |  1- 3 |  4- 6 |  7- 9 || total
---------------------------+-------+-------+-------++-------
  Melee: Hand axe          |   112 |   201 |   142 ||   455
         Punch             |       |     2 |     6 ||     8
         War axe           |       |       |   131 ||   131
  Throw: Javelin           |    11 |     3 |       ||    14
 Invoke: Fiery Armour      |       |     4 |     4 ||     8
    Use: Scroll            |     3 |     7 |     7 ||    17
         Potion            |       |       |     3 ||     3
 Armour: Robe              |     8 |       |       ||     8
         Scale mail        |    37 |    75 |       ||   112
         Chain mail        |       |    59 |   221 ||   280
  Dodge: Dodged            |    58 |    79 |   143 ||   280

Table legend:
 A = Non-vault XP
 B = Vault XP
 C = Vault XP percentage of total XP
 D = Non-vault monster count
 E = Vault monster count
 F = Vault count percentage of total count
                 A         B        C        D         E       F
            +---------+---------+-------+---------+---------+-------
      Total |    2172 |     456 |  17.4 |     122 |      19 |  13.5
            +---------+---------+-------+---------+---------+-------
        D:1 |      12 |       0 |   0.0 |       7 |       0 |   0.0
        D:2 |      67 |      43 |  39.1 |      25 |       3 |  10.7
        D:3 |     160 |     107 |  40.1 |      20 |      13 |  39.4
        D:4 |     214 |     110 |  34.0 |      21 |       2 |   8.7
        D:5 |     722 |       0 |   0.0 |      21 |       0 |   0.0
        D:6 |     621 |     196 |  24.0 |      18 |       1 |   5.3
        D:7 |     376 |       0 |   0.0 |      10 |       0 |   0.0
            +---------+---------+-------+---------+---------+-------
